 Dungeon Crawl Stone Soup version 0.22-a0-614-g34fbaa0 (webtiles) character file.

3752 robertstho the Cudgeler (level 9, -2/132 HPs)
             Began as a Troll Berserker on July 19, 2018.
             Was a High Priest of Trog.
             Slain by a gnoll sergeant
             ... wielding a +0 glaive
              (8 damage)
             ... in a bailey.
             The game lasted 00:15:48 (5934 turns).

robertstho the Cudgeler (Troll Berserker)           Turns: 5934, Time: 00:15:49

Health: -2/132     AC:  8    Str: 32    XL:     9   Next: 93%
Magic:  8/8        EV:  9    Int:  3    God:    Trog [*****.]
Gold:   396        SH: 17    Dex: 12    Spells: 8/8 levels left

rFire    . . .     SeeInvis .   B - +2 war axe (flame)
rCold    . . .     Gourm    +   y - +0 large shield
rNeg     . . .     Faith    .   b - +0 animal skin
rPois    .         Spirit   .   w - +2 hat
rElec    .         Reflect  .   z - +0 cloak
rCorr    .         Harm     .   (gloves unavailable)
MR       .....                  (boots unavailable)
Stlth    ..........             (no amulet)
HPRegen  0.72/turn              r - ring of stealth
MPRegen  0.11/turn              (no ring)

@: berserking, glowing, very quick
A: large, unfitting armour, claws 3, fast metabolism 3, gourmand, regeneration
1, shaggy fur 1, tough skin 2
a: Berserk, Trog's Hand, Brothers in Arms, Renounce Religion


You were in a bailey.
You worshipped Trog.
Trog was extremely pleased with you.
You were full.

You visited 1 branch of the dungeon, and saw 8 of its levels.
You also visited: Bailey.

You collected 396 gold pieces.

Inventory:

Hand Weapons
 a - a +1 hand axe
 j - a +0 whip of flaming
 l - a +2 flail of protection
 m - a +0 morningstar of freezing
 B - a +2 war axe of flaming (weapon)
 E - a +0 giant spiked club
Armour
 b - a +0 animal skin (worn)
 w - a +2 hat (worn)
 y - a +0 large shield (worn)
 z - a +0 cloak (worn)
Jewellery
 r - a ring of stealth (left claw)
 C - an uncursed amulet of regeneration {unknown}
Wands
 v - a wand of iceblast (5)
 D - a wand of polymorph (9)
Scrolls
 e - 4 scrolls of enchant weapon
 g - 2 scrolls of identify
 h - 2 scrolls of blinking {unknown}
 k - 2 scrolls of immolation {unknown}
 n - a scroll of fear {unknown}
 o - a scroll of magic mapping {unknown}
 p - 4 scrolls of remove curse {unknown}
 s - 2 scrolls of random uselessness {unknown}
 t - 3 scrolls of teleportation {unknown}
Potions
 d - a potion of might {unknown}
 f - 3 potions of heal wounds {unknown}
 i - a potion of haste
 q - a potion of brilliance
 u - 3 potions of curing
 A - a potion of agility {unknown}
Comestibles
 c - 15 rations
 x - 15 chunks of flesh


   Skills:
 + Level 5.2 Fighting
 + Level 5.8(6.8) Axes
 + Level 6.0(7.3) Maces & Flails
 + Level 5.9 Dodging
 + Level 1.5 Stealth
 + Level 4.8 Shields


You had 8 spell levels left.
You didn't know any spells.
Your spell library was empty.

Dungeon Overview and Level Annotations

Branches:
Dungeon (8/15)             Temple (0/1) D:4
   Lair: D:8-11

Altars:
Dithmenos
Elyvilon
Nemelex Xobeh
Yredelemnul

Shops:
D:4 (

Annotations:
D:1 1 runed door
D:3 2 transporters, Steeltoe's ghost, amateur DsGl


Innate Abilities, Weirdness & Mutations

You are too large for most types of armour.
You have claws for hands.
Your metabolism is lightning-fast.
You like to eat raw meat.
Your natural rate of healing is unusually fast.
You are covered in fur. (AC +1)
You have very tough skin. (AC +2)


Message History

* * * LOW HITPOINT WARNING * * *
You block the gnoll sergeant's attack.
A red film seems to cover your vision as you go berserk!
You feel yourself moving faster!
You feel mighty!
The gnoll sergeant hits you with a halberd!
* * * LOW HITPOINT WARNING * * *
You block the gnoll sergeant's attack.
You barely miss the gnoll sergeant.
The gnoll sergeant is lightly wounded.
You block the gnoll sergeant's attack.
The gnoll sergeant hits you but does no damage.
You slash the gnoll sergeant! You burn the gnoll sergeant.
The gnoll sergeant is moderately wounded.
The gnoll sergeant hits you with a halberd!
* * * LOW HITPOINT WARNING * * *
You slash the gnoll sergeant! You burn the gnoll sergeant.
The gnoll sergeant is almost dead.
The gnoll sergeant hits you but does no damage.
The gnoll sergeant hits you from afar with a glaive!
You die...

................
.######'''######
#...# #...#
#(..# ##'##
##...##
##..).)##
#...).@)#
#..$8g).#
#...g...#
##.....##
##...## ##+##


You could see 2 gnoll sergeants.

Vanquished Creatures
  A two-headed ogre (D:8)
  A gargoyle (D:6)
  Duvessa (D:5)
  A sky beast (D:7)
  An ice beast (D:8)
  A phantom (D:6)
  2 ogres
  A centaur (D:4)
  3 bullfrogs
  A big kobold (D:7)
  Dowan (D:5)
  A wyvern skeleton (D:6)
  3 scorpions
  A water moccasin skeleton (D:6)
  A howler monkey (D:5)
  9 wights (D:7)
  4 crimson imps
  4 hounds
  A bullfrog skeleton (D:7)
  A centaur skeleton (D:7)
  A gnoll shaman (Bailey)
  4 orc priests
  Ijyb (D:3)
  3 iguanas
  3 orc wizards
  9 worker ants
  Robin (D:2)
  8 gnolls (Bailey)
  11 adders
  2 shadow imps
  3 oozes
  An adder zombie (D:7)
  An adder skeleton (D:5)
  4 worms (D:2)
  3 leopard geckos
  29 orcs
  8 bats
  4 giant cockroaches
  6 hobgoblins
  12 jackals
  11 kobolds
  2 quokkas
  2 ball pythons
  7 frilled lizards
  20 goblins
  16 rats
211 creatures vanquished.

Vanquished Creatures (others)
  A quokka (D:8)
1 creature vanquished.

Grand Total: 212 creatures vanquished

Notes
Turn   | Place    | Note
-------+----------+-------------------------------------------
     0 | D:1      | robertstho the Troll Berserker began the quest for the Orb.
     0 | D:1      | Reached XP level 1. HP: 22/22 MP: 0/0
     1 | D:1      | Found a runed door.
   322 | D:1      | Reached XP level 2. HP: 23/29 MP: 1/1
   669 | D:1      | Reached ** piety under Trog
   686 | D:1      | Reached XP level 3. HP: 36/36 MP: 2/2
  1267 | D:2      | Reached XP level 4. HP: 29/44 MP: 3/3
  1393 | D:2      | Noticed Robin
  1406 | D:2      | Killed Robin
  1796 | D:3      | Found a sparkling altar of Nemelex Xobeh.
  1805 | D:3      | Reached XP level 5. HP: 30/53 MP: 4/4
  1816 | D:3      | Reached *** piety under Trog
  1940 | D:3      | Found a transporter.
  1946 | D:3      | Noticed Steeltoe's ghost (amateur DsGl)
  1958 | D:3      | Found a transporter.
  2051 | D:3      | Found a basalt altar of Yredelemnul.
  2314 | D:3      | Noticed Ijyb
  2340 | D:3      | Killed Ijyb
  2340 | D:3      | Reached skill level 1 in Maces & Flails
  2340 | D:3      | Reached XP level 6. HP: 60/61 MP: 5/5
  2469 | D:4      | Found a staircase to the Ecumenical Temple.
  2683 | D:4      | Reached skill level 2 in Maces & Flails
  2725 | D:4      | Reached XP level 7. HP: 32/67 MP: 6/6
  3173 | D:4      | Found Weytargh's Weapon Boutique.
  3246 | D:5      | Entered Level 5 of the Dungeon
  3254 | D:5      | Reached **** piety under Trog
  3324 | D:5      | Reached skill level 3 in Maces & Flails
  3343 | D:5      | Reached skill level 1 in Stealth
  3369 | D:5      | Reached skill level 1 in Shields
  3419 | D:5      | Reached skill level 4 in Maces & Flails
  3438 | D:5      | Reached XP level 8. HP: 24/78 MP: 7/7
  3628 | D:5      | Noticed Duvessa
  3639 | D:5      | Noticed Dowan
  3643 | D:5      | Killed Duvessa
  3806 | D:5      | Killed Dowan
  4472 | D:6      | Noticed a gargoyle
  4498 | D:6      | Killed a gargoyle
  4498 | D:6      | Reached skill level 5 in Maces & Flails
  4838 | D:6      | Found a shadowy altar of Dithmenos.
  5136 | D:7      | Reached skill level 5 in Dodging
  5184 | D:7      | Reached XP level 9. HP: 83/85 MP: 8/8
  5547 | D:7      | Reached ***** piety under Trog
  5555 | D:7      | Reached skill level 6 in Maces & Flails
  5644 | D:8      | Found a white marble altar of Elyvilon.
  5663 | D:8      | Noticed a two-headed ogre
  5672 | D:8      | Reached skill level 5 in Fighting
  5676 | D:8      | Killed a two-headed ogre
  5676 | D:8      | Reached skill level 5 in Axes
  5854 | D:8      | Found a flagged portal.
  5872 | Bailey   | Entered a bailey
  5933 | Bailey   | HP: 6/132 [gnoll sergeant/halberd (10)]
  5934 | Bailey   | Slain by a gnoll sergeant

Vault maps used:
D:1:      dpeg_arrival_caged_fury, minmay_rat_gold_closets
D:2:      uniq_robin
D:3:      nemelex_xobeh_ov_fountains_minmay, lemuel_crystal_altar,
          gammafunk_ghost_stat_death, uniq_ijyb
D:4:      minmay_temple_entry_nine_rooms, serial_shops, kennysheep_mini,
          first_ration
D:5:      hex_intersection, uniq_duvessa
D:6:      overflow_temple_1_default
D:8:      elyvilon_altar_4, lair_entry_dummy, serial_shops,
          nicolae_shop_overgrown_old_shop, enter_bailey_3
Bailey:   bailey_polearm_gnolls_kennysheep, bailey

Skill      XL: |  1  2  3  4  5  6  7  8  9 |
---------------+----------------------------+-----
Axes           | 3 4 5 |  5.8
Dodging        | 3 4 5 |  5.9
Fighting       | 3 4 5 |  5.2
Maces & Flails | 1 2 4 5 6 |  6.0
Stealth        | 1 |  1.5
Shields        | 1 3 4 |  4.8

Action                   |  1- 3 |  4- 6 |  7- 9 || total
-------------------------+-------+-------+-------++-------
Melee: Hand axe          |   147 |    25 |       ||   172
       Whip              |       |   263 |   444 ||   707
       War axe           |       |       |   141 ||   141
Invok: Berserk           |     1 |     4 |     7 ||    12
  Use: Scroll            |       |     5 |     3 ||     8
       Potion            |       |       |     3 ||     3
 Stab: Sleeping          |     2 |       |     2 ||     4
       Invisible         |       |       |     2 ||     2
  Eat: Chunk             |    11 |    24 |    36 ||    71
Armor: Animal skin       |    51 |   114 |   133 ||   298
Dodge: Dodged            |    71 |   166 |   149 ||   386
Block: Large shield      |       |       |   411 ||   411

Table legend:
 A = Spawn XP
 B = Non-spawn XP
 C = Spawn XP percentage of total XP
 D = Spawn monster count
 E = Non-spawn monster count
 F = Spawn count percentage of total count
 G = Total turns spent on level
                    A         B        C        D         E        F      G
               +---------+---------+-------+---------+---------+-------+---------
         Total |       0 |    5360 |   0.0 |       0 |     211 |   0.0 |  5934
               +---------+---------+-------+---------+---------+-------+---------
           D:1 |       0 |      47 |   0.0 |       0 |      31 |   0.0 |  1002
           D:2 |       0 |     107 |   0.0 |       0 |      33 |   0.0 |   788
           D:3 |       0 |     256 |   0.0 |       0 |      31 |   0.0 |   651
           D:4 |       0 |     480 |   0.0 |       0 |      20 |   0.0 |   831
           D:5 |       0 |     834 |   0.0 |       0 |      23 |   0.0 |  1009
           D:6 |       0 |     901 |   0.0 |       0 |      19 |   0.0 |   791
           D:7 |       0 |    1255 |   0.0 |       0 |      33 |   0.0 |   548
           D:8 |       0 |    1237 |   0.0 |       0 |      10 |   0.0 |   252
        Bailey |       0 |     243 |   0.0 |       0 |      11 |   0.0 |    62
               +---------+---------+-------+---------+---------+-------+---------
